AoeStats
← Rodrigo Lao Tse

Arabia

510425960Analyzed
1v1 RM · 13h ago on Oct 1, 2026· 49m 59s· 2 players
Game mode
Random Map
Map size
Tiny (2 player)
Population
200
Speed
Normal
Resources
Standard
Victory
Conquest
Starting age
Dark Age
Ending age
Imperial Age
RankedLock teamsTeams togetherTeam positionsShared explorationLock speedFull tech treeHidden civsTurbo modeCheats
Victory
Defeat
🇺🇸 Koreans · United States
802
+17
🇨🇱 Maya · Chile
820
-17
CommonHero
4:31 Loom
11:06 Feudal Age
14:49 Fletching
16:08 Double-Bit Axe
16:15 Stone Mining
16:18 Gold Mining
33:15 Castle Age
36:11 Bodkin Arrow
39:41 Imperial Age
Rodrigo Lao Tse
0:27 Loom
9:39 Feudal Age
10:14 Double-Bit Axe
10:43 Horse Collar
16:19 Gold Mining
18:53 Padded Archer Armor
24:16 Scale Mail Armor
25:05 Arson
25:36 Forging
26:05 Wheelbarrow
28:07 Town Watch
34:50 Castle Age
35:30 Eagle Warrior
35:31 Pikeman
36:15 Squires
49:58 Chain Mail Armor
Connection lost

Rejoining the realm…

Still unreachable

The connection could not be restored.

Session expired

The server has moved on; the page needs a fresh start.